 Dungeon Crawl Stone Soup version 0.27-a0-406-g23f261fbd2 (webtiles) character file.

Game seed: 17320026860292221443

245 jiml777 the Gusty (level 5, -7/37 HPs)
             Began as a Demonspawn Air Elementalist on Feb 23, 2021.
             Shot with an arrow by a centaur (12 damage)
             ... on level 3 of the Dungeon.
             The game lasted 00:20:07 (3475 turns).

jiml777 the Gusty (Demonspawn Air Elementalist)     Turns: 3475, Time: 00:20:08

Health: -7/37      AC:  3    Str:  8    XL:     5   Next: 83%
Magic:  18/18      EV: 13    Int: 18    God:
Gold:   151        SH:  0    Dex: 19    Spells: 9/10 levels left

rFire    . . .     SeeInvis .   d - +0 hand axe
rCold    . . .     Faith    .   (no shield)
rNeg     . . .     Spirit   .   a - +0 robe
rPois    .         Reflect  .   (no helmet)
rElec    .         Harm     .   (no cloak)
rCorr    .         Rampage  .   o - +0 pair of gloves
Will     .....                  (no boots)
Stlth    ++........             (no amulet)
HPRegen  0.12/turn              p - +6 ring of dexterity
MPRegen  0.16/turn              B - ring of magical power

@: no status effects
A: hooves 1, demonic guardian 1
a: no special abilities


You were on level 3 of the Dungeon.
You visited 1 branch of the dungeon, and saw 3 of its levels.

You collected 151 gold pieces.

Inventory:

Hand Weapons
 d - a +0 hand axe (weapon)
 g - a +0 hunting sling
Missiles
 j - 42 arrows
 m - 50 stones
 q - 17 sling bullets
 A - 18 poisoned darts
Armour
 a - a +0 robe (worn)
 h - a +0 buckler
 o - a +0 pair of gloves (worn)
Jewellery
 p - a +6 ring of dexterity (left hand)
 B - a ring of magical power (right hand)
Wands
 x - a wand of acid (12)
Scrolls
 c - a scroll of immolation {unknown}
 k - a scroll of blinking {unknown}
 n - a scroll of enchant weapon {unknown}
 s - a scroll of fear {unknown}
 t - a scroll of fog {unknown}
 u - a scroll of amnesia {unknown}
 y - 2 scrolls of teleportation {unknown}
 z - a scroll of enchant armour {unknown}
Potions
 b - a potion of lignification
 e - a potion of ambrosia
 i - a potion of brilliance
 l - a potion of magic {unknown}
 r - 3 potions of curing
 v - a potion of attraction {unknown}
 w - a potion of might {unknown}


   Skills:
 + Level 1.1 Fighting
 + Level 1.0 Axes
 + Level 2.2 Dodging
 + Level 2.0 Stealth
 + Level 3.2 Spellcasting
 + Level 2.4 Conjurations
 + Level 3.7 Air Magic
 * Level 1.8 Evocations


You had 9 spell levels left.
You knew the following spells:

 Your Spells              Type           Power        Failure   Level
a - Shock                 Conj/Air       52%          4%          1

Your spell library contained the following spells:

 Spells                   Type           Power        Failure   Level
 Swiftness                Air            16%          5%          2
 Static Discharge         Conj/Air       13%          14%         3
 Airstrike                Air            8%           34%         4
 Lightning Bolt           Conj/Air       6%           77%         5


Dungeon Overview and Level Annotations

Branches:
Dungeon (3/15)

Altars:
Ru
Uskayaw


Innate Abilities, Weirdness & Mutations

You have large cloven feet.
A weak demonic guardian rushes to your aid.


Message History

* * * LOW HITPOINT WARNING * * *
The centaur unwields a +0 shortbow.
The centaur hits you but does no damage.
The centaur barely misses you.
Casting: Shock (safe; 4% risk of failure)
Confirm with . or Enter, or press ? or * to list all spells.
You don't know that spell.
Really quaff the potion of lignification?
Okay, then.
You feel much better. The centaur barely misses you.
You hit the centaur but do no damage. You kick the centaur, but do no damage.
The centaur is lightly wounded.
The centaur hits you. The centaur barely misses you.
You hit the centaur. Your kick misses the centaur.
The centaur is moderately wounded.
The centaur barely misses you. The centaur hits you.
You barely miss the centaur. You kick the centaur.
The centaur is moderately wounded.
The centaur closely misses you. The centaur hits you!
You hit the centaur but do no damage. You kick the centaur.
The centaur is heavily wounded.
The centaur misses you. The centaur barely misses you.
You hit the centaur. You kick the centaur, but do no damage.
The centaur is heavily wounded.
The centaur hits you.
You hit the centaur.
The centaur is severely wounded.
The centaur hits you! The centaur completely misses you.
You hit the centaur. You kick the centaur.
The centaur is almost dead.
The centaur barely misses you.
The centaur hits you but does no damage.
You hit the centaur but do no damage.
The centaur is almost dead.
The centaur closely misses you. The centaur hits you!
* * * LOW HITPOINT WARNING * * *
A demonic guardian appears!
The centaur wields a +0 shortbow.
The centaur shoots an arrow.
The arrow hits you!
You die...

..........########..####.# #.#
...<......#.<......## #.#####.##
............######## #.#.......
..........### #.........
..........# ##........
..........# ##....... ..........#
#....... ).........#
##############.......
#############.c.@...........#####
#####.5###############
.#######.....## .)...c...#####
.....##### .^.>.# ######


You could see a centaur (ally target) and a friendly white imp (summoned).

Vanquished Creatures
  A phantom (D:3)
  An orc wizard (D:3)
  3 gnolls (D:3)
  6 adders
  A worm (D:2)
  2 dart slugs
  5 orcs (D:3)
  3 giant cockroaches
  4 goblins
  8 hobgoblins
  2 jackals (D:1)
  2 ball pythons (D:3)
  8 bats
  2 frilled lizards
  4 kobolds
  6 rats
58 creatures vanquished.

Notes
Turn   | Place    | Note
-------+----------+-------------------------------------------
     0 | D:1      | jiml777 the Demonspawn Air Elementalist began the quest for
                  | the Orb.
     0 | D:1      | Reached XP level 1. HP: 13/13 MP: 3/3
   520 | D:1      | Gained mutation: You have large cloven feet. [demonic
                  | ancestry]
   520 | D:1      | Reached XP level 2. HP: 9/20 MP: 0/5
  1279 | D:2      | Reached XP level 3. HP: 24/25 MP: 2/6
  1555 | D:2      | Found a hide-covered altar of Uskayaw.
  2323 | D:3      | Reached skill level 1 in Fighting
  2323 | D:3      | Reached XP level 4. HP: 32/32 MP: 3/7
  2510 | D:3      | Noticed a phantom
  2538 | D:3      | Reached skill level 1 in Evocations
  2655 | D:3      | Killed a phantom
  2656 | D:3      | Reached skill level 1 in Axes
  2656 | D:3      | Gained mutation: A weak demonic guardian rushes to your
                  | aid. [demonic ancestry]
  2656 | D:3      | Reached XP level 5. HP: 30/37 MP: 2/9
  3250 | D:3      | Found a sacrificial altar of Ru.
  3449 | D:3      | Noticed a centaur
  3457 | D:3      | HP: 1/37 [centaur/arrow (17)]
  3475 | D:3      | Shot with an arrow by a centaur

Illustrated notes

Levels and vault maps discovered:
D:1:      psy_arrival_dodecagon, layout_basic
D:2:      layout_basic, lemuel_doored_altar, minmay_box_of_dots
D:3:      layout_rooms, nicolae_ru_the_path_less_chosen

Skill      XL: |  1  2  3  4  5 |
---------------+----------------+-----
Dodging        | 2 |  2.2
Air Magic      | 3 |  3.7
Fighting       | 1 |  1.1
Evocations     | 1 |  1.8
Axes           | 1 |  1.0
Stealth        | 2 |  2.0
Conjurations   | 2 |  2.4
Spellcasting   | 3 |  3.2

Action                   |  1- 3 |  4- 6 || total
-------------------------+-------+-------++-------
Melee: Hand axe          |    16 |    11 ||    27
       Kick              |       |     6 ||     6
 Cast: Shock             |    65 |    50 ||   115
  Use: Potion            |       |     3 ||     3
       Scroll            |       |     4 ||     4
Armor: Robe              |    12 |     8 ||    20
Dodge: Dodged            |    22 |    33 ||    55

Table legend: (Time is in decaauts)
 A = Elapsed time spent in this place.
 B = Non-inter-level travel time spent in this place.
 C = Inter-level travel time spent in this place.
 D = Time resting spent in this place.
 E = Time spent auto-exploring this place.
 F = Levels seen in this place.
 G = Mean time per level.
                   A        B        C        D        E       F      G
               +--------+--------+--------+--------+--------+-----+--------+
         Total |   3481 |   3416 |     65 |   1262 |   1402 |   3 | 1160.3 |
       Dungeon |   3481 |   3416 |     65 |   1262 |   1402 |   3 | 1160.3 |
               +--------+--------+--------+--------+--------+-----+--------+

Top non-repeatable levels by time:
     D:3: 1474 daAuts
     D:1: 1016 daAuts
     D:2: 990 daAuts
